AoeStats
← Master Zio

Arena

510003265Analyzed
1v1 RM · 2d ago on Sep 29, 2026· 67m 2s· 2 players
Game mode
Random Map
Map size
Tiny (2 player)
Population
200
Speed
Normal
Resources
Standard
Victory
Conquest
Starting age
Dark Age
Ending age
Imperial Age
RankedLock teamsTeams togetherTeam positionsShared explorationLock speedFull tech treeHidden civsTurbo modeCheats
Victory
Defeat
🇨🇴 Italians · Colombia
935
+17
🇦🇷 Vietnamese · Argentina
950
-17
Destroyer30585
10:48 Feudal Age
15:47 Castle Age
13:52 Padded Archer Armor
14:25 Loom
14:34 Stone Mining
15:17 Fletching
18:45 Double-Bit Axe
22:10 Ballistics
25:08 Bodkin Arrow
29:50 Horse Collar
33:30 Imperial Age
32:35 Leather Archer Armor
33:45 Scale Barding Armor
35:14 Chemistry
36:11 Bracer
37:43 Ring Archer Armor
39:09 Heavy Plow
41:53 Chain Barding Armor
41:48 Husbandry
41:09 Cavalier
43:50 Plate Barding Armor
45:24 Scale Mail Armor
45:35 Forging
47:01 Chain Mail Armor
46:17 Elite Skirmisher
48:05 Bow Saw
48:27 Crop Rotation
48:50 Iron Casting
48:46 Plate Mail Armor
49:44 Wheelbarrow
51:32 Blast Furnace
58:36 Conscription
68:06 Hoardings
Master Zio
3:52 Loom
11:44 Feudal Age
15:51 Castle Age
14:32 Double-Bit Axe
17:01 Horse Collar
19:56 Fletching
21:11 Wheelbarrow
21:54 Bow Saw
22:30 Bodkin Arrow
22:36 Padded Archer Armor
25:26 Gold Mining
29:41 Stone Mining
31:21 Stone Shaft Mining
35:22 Imperial Age
35:21 Hand Cart
37:10 Chemistry
39:20 Ballistics
44:39 Pikeman
45:20 Squires
47:19 Halberdier
49:38 Town Watch
51:14 Two-Man Saw
54:04 Fortified Wall
54:42 Paper Money
55:33 Town Patrol
Connection lost

Rejoining the realm…

Still unreachable

The connection could not be restored.

Session expired

The server has moved on; the page needs a fresh start.